AoeStats
← Roby9719

Black Forest

505614168Analyzed
1v1 RM · 23d ago on Sep 10, 2026· 26m 41s· 2 players
Game mode
Random Map
Map size
Tiny (2 player)
Population
200
Speed
Normal
Resources
Standard
Victory
Conquest
Starting age
Dark Age
Ending age
Imperial Age
RankedLock teamsTeams togetherTeam positionsShared explorationLock speedFull tech treeHidden civsTurbo modeCheats
Victory
Defeat
🇮🇹 Sicilians · Italy
663
+14
🇮🇹 Burgundians · Italy
621
-17
Roland
0:30 Loom
12:17 Feudal Age
11:13 Double-Bit Axe
11:21 Gold Mining
13:48 Bow Saw
13:38 Town Watch
14:02 Horse Collar
15:02 Gold Shaft Mining
18:32 Heavy Plow
20:24 Wheelbarrow
20:06 Stone Mining
23:27 Castle Age
24:09 Stone Shaft Mining
25:44 Scale Mail Armor
Roby9719
0:35 Loom
14:48 Feudal Age
15:17 Horse Collar
15:24 Double-Bit Axe
15:42 Stone Mining
17:39 Arson
23:19 Scale Mail Armor
25:26 Man-at-Arms
Connection lost

Rejoining the realm…

Still unreachable

The connection could not be restored.

Session expired

The server has moved on; the page needs a fresh start.